Map: Zona del Vuoto

Players

Rouse - Winner!

  • Race: Zerg Zerg
  • League: Bronze

Jhyrachy - Winner!

  • Race: Zerg Zerg
  • League: Gold

Iterator - Winner!

  • Race: Protoss Protoss

magic - Winner!

  • Race: Zerg Zerg

orion

  • Race: Zerg Zerg

Tibi

  • Race: Zerg Zerg

Widowmaker

  • Race: Terran Terran

GonnaToKickU

  • Race: Terran Terran
  • League: Bronze

VOD

Have the link to the VOD?

Description

Time

  • Played on: April 20, 2016, 12:54 p.m.
  • Length: 8:08
Show
View Real Time Build Order
Export as new Build Order

Rouse Zerg - Winner!

Build Orders: Pool First 

Get SALT Encoding   

  12  0:04  Drone  
  13  0:08  Drone  
  14  0:18  Overlord  
  14  0:26  Extractor  
  13  0:38  Drone x2  
  15  0:47  Spawning Pool  
  14  0:56  Drone  
  15  1:35  Zergling x4  
  15  1:36  Zergling x2  
  18  1:40  Hatchery  
  18  1:46  Queen  
  19  1:51  Drone  
  20  2:05  Roach Warren  
  19  2:20  Drone x3  
  22  2:41  Overlord  
  22  2:51  Queen  
  24  3:05  Roach  
  24  3:06  Roach x3  
  32  3:18  Queen  
  34  3:26  Drone x2  
  36  3:40  Overlord x2  
  33  4:19  Roach x6  
  33  4:20  Roach x2  
  49  4:26  Drone  
  50  4:34  Lair  
  50  5:37  Roach  
  50  5:38  Overlord x3  
  48  6:33  Roach x7  
  48  6:34  Roach  
  42  7:46  Roach x6  
  54  8:00  Evolution Chamber  
  54  8:04  Evolution Chamber  
Show
View Real Time Build Order
Export as new Build Order

Jhyrachy Zerg - Winner!

Build Orders: Hatch First 

Get SALT Encoding   

  12  0:09  Drone x2  
  14  0:18  Overlord  
  14  0:38  Drone  
  14  0:39  Drone  
  16  0:44  Drone  
  17  1:00  Drone  
  17  1:03  Extractor, Drone  
  18  1:04  Hatchery  
  17  1:15  Drone  
  18  1:21  Spawning Pool  
  17  1:28  Drone  
  18  1:36  Drone  
  19  1:47  Drone  
  20  1:57  Overlord  
  20  2:08  Extractor, Metabolic Boost  
  20  2:10  Queen  
  20  2:13  Drone  
  22  2:26  Drone  
  23  2:30  Evolution Chamber  
  23  2:34  Drone  
  23  2:36  Queen  
  25  2:38  Drone x2  
  25  2:39  Drone  
  25  2:42  Drone  
  29  2:54  Drone  
  30  2:59  Zerg Melee Weapons Level 1  
  30  3:04  Lair  
  30  3:10  Evolution Chamber  
  30  3:12  Drone x3  
  32  3:17  Overlord  
  32  3:26  Drone x2  
  32  3:27  Drone x2  
  36  3:36  Zerg Ground Armor Level 1  
  36  3:47  Drone x3  
  39  3:48  Drone  
  39  3:49  Drone x2  
  39  3:52  Overlord  
  42  4:08  Zergling x2  
  42  4:09  Zergling x2  
  44  4:10  Overlord  
  44  4:11  Overlord  
  44  4:12  Zergling x2  
  44  4:13  Zergling x2  
  46  4:18  Drone  
  47  4:38  Infestation Pit  
  46  4:40  Zergling x2  
  46  4:41  Zergling x14  
  54  5:00  Zergling x2  
  54  5:01  Zergling x10  
  59  5:08  Zergling x2  
  59  5:09  Zergling x6  
  59  5:20  Zerg Melee Weapons Level 2  
  59  5:22  Hive  
  59  5:30  Queen  
  59  5:31  Zergling x2  
  59  5:32  Zergling x10  
  67  5:52  Zerg Ground Armor Level 2  
  62  6:39  Zergling x2  
  63  6:40  Zergling x10  
  63  6:44  Overlord x2  
  63  6:45  Overlord x2  
  67  6:51  Hatchery  
  66  7:26  Zergling x2  
  66  7:27  Zergling x24  
  75  7:42  Hatchery  
Show
View Real Time Build Order
Export as new Build Order

Iterator Protoss - Winner!

Build Orders:  

Get SALT Encoding   

  12  0:02  Probe (Chrono Boost)  
  13  0:13  Probe (Chrono Boost)  
  14  0:18  Pylon  
  14  0:23  Probe (Chrono Boost)  
  15  0:37  Probe (Chrono Boost)  
  15  0:41  Gateway  
  16  0:47  Probe (Chrono Boost)  
  17  0:50  Assimilator  
  17  0:58  Probe (Chrono Boost)  
  18  1:04  Gateway  
  18  1:08  Probe (Chrono Boost)  
  19  1:22  Probe (Chrono Boost)  
  20  1:26  Assimilator  
  20  1:30  Cybernetics Core  
  20  1:33  Probe (Chrono Boost), Pylon  
  21  1:43  Probe (Chrono Boost)  
  22  2:00  Gateway  
  22  2:08  Stalker x2  
  26  2:15  Gateway  
  26  2:19  Pylon  
  26  2:37  Stalker  
  26  2:38  Stalker  
  30  2:47  Stalker  
  32  2:56  Pylon  
  32  3:02  Stalker  
  34  3:11  Stalker  
  36  3:17  Stalker  
  38  3:26  Stalker  
  40  3:35  Pylon  
  40  3:42  Stalker  
  38  4:03  Stalker x2  
  40  4:22  Stalker x2  
  44  4:33  Stalker x2  
  48  4:39  Pylon  
  48  4:52  Forge  
  48  4:56  Stalker  
  44  6:14  Stalker x2  
  44  6:15  Stalker x2  
  48  6:44  Stalker x2  
  48  6:45  Stalker x2  
  54  7:14  Stalker x2  
  54  7:15  Stalker x2  
Show
View Real Time Build Order
Export as new Build Order

magic Zerg - Winner!

Build Orders: Pool First 

Get SALT Encoding   

  12  0:02  Drone  
  13  0:17  Drone  
  14  0:28  Overlord  
  14  0:36  Spawning Pool  
  13  0:47  Extractor  
  12  0:53  Drone  
  12  0:54  Drone x2  
  15  1:05  Drone  
  16  1:16  Drone  
  17  1:24  Queen  
  19  1:41  Drone  
  19  1:43  Drone  
  21  1:52  Overlord  
  21  1:56  Hatchery  
  21  2:00  Overlord  
  20  2:07  Metabolic Boost  
  20  2:17  Drone  
  20  2:22  Evolution Chamber  
  20  2:38  Zergling x10  
  25  2:48  Zerg Melee Weapons Level 1  
  25  3:08  Zergling x8  
  25  3:09  Zergling x2  
  30  3:19  Queen  
  30  3:21  Drone x2  
  34  3:38  Zergling x10  
  34  3:39  Zergling x2  
  34  4:28  Drone  
  34  4:29  Drone x2  
  37  4:36  Zergling x10  
  42  4:50  Overlord  
  42  5:01  Zerg Ground Armor Level 1  
  32  6:41  Zergling x4  
  32  6:42  Zergling x10  
  35  7:05  Zergling x6  
  35  7:06  Zergling x2  
  38  7:15  Zergling x12  
Show
View Real Time Build Order
Export as new Build Order

orion Zerg 

Build Orders: Pool Only 

Get SALT Encoding   

  12  0:03  Drone  
  13  0:08  Drone  
  14  0:20  Overlord  
  14  0:36  Spawning Pool  
  14  0:38  Drone  
  14  0:42  Drone  
  15  0:50  Drone  
  15  0:56  Extractor  
  15  1:00  Drone  
  15  1:03  Overlord  
  16  1:15  Overlord  
  16  1:27  Zergling x2  
  16  1:30  Queen  
  19  1:40  Spine Crawler  
  19  1:46  Zergling x2  
  20  1:47  Zergling x2  
  20  2:03  Metabolic Boost  
  20  2:17  Zergling x4  
  20  2:18  Zergling x2  
  23  2:28  Spore Crawler  
  22  2:37  Zergling x2  
  22  2:42  Zergling x6  
  26  2:55  Zergling x2  
  27  3:01  Evolution Chamber  
  27  3:05  Drone  
  27  3:09  Lair  
  27  3:23  Zergling x2  
  27  3:26  Zergling x4  
  30  3:58  Zergling x8  
  30  3:59  Zergling x4  
  31  4:20  Zergling x2  
  31  4:24  Zerg Melee Weapons Level 1  
  33  4:31  Zergling x2  
  17  5:17  Spine Crawler  
  16  5:25  Drone x2, Spine Crawler  
  16  5:26  Drone x4  
  20  5:41  Drone  
Show
View Real Time Build Order
Export as new Build Order

Tibi Zerg 

Build Orders: Pool Only 

Get SALT Encoding   

  12  0:06  Drone  
  13  0:26  Spawning Pool  
  12  0:29  Drone  
  12  0:31  Drone  
  14  0:52  Overlord x2  
  14  1:19  Roach Warren  
  13  1:35  Drone x3, Extractor  
  15  2:00  Drone  
  15  2:01  Extractor, Drone  
  16  2:03  Queen  
  18  2:20  Roach x2  
  22  2:33  Roach  
  24  2:47  Roach  
  26  2:53  Lair  
  26  3:07  Roach x2  
  30  3:22  Overlord  
  30  3:23  Overlord x3  
  30  3:49  Roach x5  
  28  4:19  Roach x4  
  36  4:34  Overseer  
  36  4:35  Overseer  
  36  4:45  Hydralisk Den  
  36  4:52  Drone  
  36  4:53  Drone  
  37  5:21  Roach  
  37  5:22  Roach x2  
  35  5:46  Roach  
  35  5:47  Roach x3  
  31  6:07  Roach x2  
  23  6:24  Roach x2  
Show
View Real Time Build Order
Export as new Build Order

Widowmaker Terran 

Build Orders:  

Get SALT Encoding   

  12  0:01  SCV  
  13  0:15  Supply Depot  
  13  0:18  SCV  
  14  0:30  SCV  
  15  0:41  Barracks  
  15  0:42  SCV  
  16  0:55  SCV, Barracks  
  17  1:07  SCV  
  18  1:14  Barracks  
  18  1:21  Refinery, SCV  
  19  1:36  SCV  
  19  1:37  Supply Depot  
  20  1:41  Refinery  
  20  1:42  Marine  
  20  1:46  Marine  
  22  1:58  SCV  
  23  2:08  Marine x2  
  24  2:10  Barracks Reactor  
  25  2:16  SCV  
  25  2:19  Supply Depot  
  26  2:28  SCV  
  26  2:29  Marine  
  28  2:31  Marine  
  29  2:42  Orbital Command  
  29  2:43  Supply Depot  
  29  2:46  Marine  
  29  2:49  Marine  
  31  2:51  Barracks Tech Lab  
  31  2:54  Marine  
  32  3:08  Marine x2  
  34  3:14  Engineering Bay  
  34  3:19  Supply Depot  
  34  3:22  Combat Shields  
  34  3:29  Marine  
  34  3:30  Marine x2  
  37  3:44  Marauder  
  37  3:47  Marine x2  
  37  3:48  Marine  
  37  4:05  Marine  
  37  4:06  Marauder, Marine  
  35  4:19  Barracks Reactor  
  35  4:23  Marine x2  
  35  4:24  Factory  
  36  4:25  Terran Infantry Weapons Level 1  
  36  4:29  Marauder  
  38  4:41  Concussive Shells, Marine  
  38  4:44  SCV  
  40  4:54  Missile Turret  
  40  5:13  Marauder, Marine x3  
  45  5:14  Missile Turret  
  36  5:36  Missile Turret  
  36  5:37  Marauder, Marine x4  
  36  5:41  Factory Tech Lab  
  35  5:46  Supply Depot  
  35  5:55  Marine x2  
  31  5:59  Missile Turret  
  28  6:11  Marauder, Marine x2  
  30  6:13  Marine x2  
  34  6:25  Widow Mine  
  34  6:29  Marine  
  35  6:35  Marauder, Marine x3  
  38  6:46  Marine  
  31  6:53  Widow Mine, Marine x3  
  31  6:56  Marine  
  30  7:04  Marine  
  30  7:11  Marine x3  
  30  7:14  Marine  
  34  7:22  Widow Mine, Marine  
  35  7:28  Marine  
  35  7:29  Marine  
  27  7:37  Marauder  
  27  7:38  Marine  
  27  7:46  Marine  
Show
View Real Time Build Order
Export as new Build Order

GonnaToKickU Terran 

Build Orders:  

Get SALT Encoding   

  12  0:04  SCV  
  13  0:17  SCV  
  14  0:30  Supply Depot  
  14  0:35  SCV  
  15  0:52  SCV  
  15  0:53  Barracks  
  16  1:04  SCV  
  17  1:12  Barracks  
  17  1:16  SCV  
  18  1:28  SCV, Barracks  
  19  1:33  Refinery  
  19  1:40  SCV  
  19  1:41  Engineering Bay  
  20  1:52  SCV  
  21  2:04  SCV  
  21  2:08  Supply Depot  
  22  2:09  Marine  
  23  2:23  Supply Depot  
  23  2:29  Marine x3  
  26  2:38  Refinery  
  26  2:40  Supply Depot  
  26  2:47  Marine x3, SCV  
  30  2:54  Supply Depot  
  30  2:59  SCV  
  30  3:00  Terran Infantry Weapons Level 1  
  30  3:05  Marine x3  
  34  3:16  Orbital Command  
  34  3:23  Marine  
  35  3:31  Barracks Reactor  
  35  3:32  Barracks Tech Lab  
  35  3:45  Factory  
  35  3:53  Factory  
  25  4:10  Barracks Tech Lab  
  25  4:11  Combat Shields  
  25  4:33  Marine x4  
  29  4:39  Factory Tech Lab  
  29  4:40  Factory Tech Lab  
  29  4:51  Marine x4  
  33  4:54  Terran Infantry Armor Level 1  
  33  5:00  Barracks  
  33  5:16  Marine x2  
  33  5:17  Marine x2  
  37  5:35  Marauder x2  
  41  5:41  Siege Tank  
  44  5:56  Marauder  
  38  5:57  Siege Tank  
  31  6:23  Command Center  
  26  6:32  Marine  
  26  6:33  Marine x3  
  27  6:50  Marine x2  
  27  6:51  Marine x2  
  23  6:57  Siege Tank  
  17  7:08  Marine x2  
  12  7:09  Marine x2  
  16  7:26  Marine x4  
  8  7:44  Marine x3  
Tags
 
Add a new tag
Caveats
  • Supply blocks, unpowered buildings, or Contaminate may cause inaccurate times.
  • Supply counts are checked every 10 seconds.